Demolitions vs Knights
Created - 11 décembre 2016 at 19:16
Goals
|
| Demolitions |
3 |
2 |
0 |
5 |
| Knights |
0 |
1 |
3 |
4 |
|
Shots
|
| Demolitions |
13 |
9 |
17 |
39 |
| Knights |
9 |
14 |
8 |
31 |
|
1st period
1. Demolitions , Nikolai Zherdev 10 (Bobby Butler, Darren Helm) at 9:04
2. Demolitions , Nikolai Zherdev 11 (Bobby Butler, Darren Helm) at 12:58 (PP)
3. Demolitions , Matt D'Agostini 10 (Nicolas Blanchard) at 16:08
Penalties :
James Wright (Lon) for Slashing (Minor) at 12:43
2nd period
4. Knights , A.J. Jenks 6 (Kevin Hayes, Zach Trotman) at 1:13
5. Demolitions , Marek Zagrapan 8 (Ryan Vesce, Nigel Dawes) at 7:40
6. Demolitions , Matt D'Agostini 11 (Seth Helgeson, Billy Sweat) at 9:38
Penalties :
Nikolai Zherdev (Vic) for Tripping (Minor) at 10:59, Jimmy Hayes (Lon) for Fighting (Major) at 16:26, Nikolai Zherdev (Vic) for Fighting (Major) at 16:26
3rd period
7. Knights , Cody Bass 13 (Michael Stone) at 1:42
8. Knights , Ronalds Kenins 3 (Michael Stone) at 2:27
9. Knights , James Wright 10 (Chris Thorburn) at 11:25 (PP)
Penalties :
Kevin Hayes (Lon) for Slashing (Minor) at 3:37, Robert Bortuzzo (Vic) for Cross-checking (Minor) at 11:19
Goalie Stats
Brent Krahn (Vic), 27 saves from 31 shots - (0,871), W, 10-7-2, 60:00 minutes
Jeff Glass (Lon), 5 saves from 8 shots - (0,625), 16:08 minutes
Mark Dekanich (Lon), 29 saves from 31 shots - (0,935), L, 3-2-0, 43:26 minutes
Players Stats for Demolitions
Player Name G A P +/- PIM S H SB GA TA FO MP PP MP PK MP
------------------------------------------------------------------------------------
Alex Hutchings 0 0 0 -1 0 0 0 0 0 0 0/0 7:12 0:00 0:58
Andrew Campbell 0 0 0 0 0 1 0 2 0 3 0/0 10:53 0:00 0:00
Billy Sweat 0 1 1 2 0 0 0 0 0 0 0/0 12:32 0:00 0:00
Bobby Butler 0 2 2 0 0 3 1 1 2 0 1/1 21:36 1:24 0:33
Cameron Schilling 0 0 0 -1 0 4 0 0 1 1 0/0 25:21 1:21 1:03
Darren Helm 0 2 2 0 0 2 2 2 1 0 19/35 21:30 1:24 0:25
David Laliberté 0 0 0 -1 0 1 2 0 0 0 0/0 6:54 0:00 0:00
David Rundblad 0 0 0 2 0 3 0 1 0 0 0/0 18:18 0:53 1:02
Doug Janik 0 0 0 -1 0 1 0 2 0 2 0/0 25:21 1:21 1:03
Marek Zagrapan 1 0 1 0 0 1 2 1 0 1 9/15 19:09 0:50 0:41
Matt D'Agostini 2 0 2 2 0 3 2 1 1 0 0/0 14:31 0:00 0:00
Nick Pryor 0 0 0 0 0 0 0 1 0 0 0/0 5:28 0:00 0:00
Nicolas Blanchard 0 1 1 2 0 0 1 1 0 0 4/6 14:12 0:00 0:53
Nigel Dawes 0 1 1 0 0 2 0 2 0 1 0/0 18:40 0:50 0:34
Nikolai Zherdev 2 0 2 -1 7 11 4 1 0 0 1/4 23:35 1:24 0:06
Robert Bortuzzo 0 0 0 0 2 0 1 1 0 0 0/0 10:52 0:00 0:00
Ryan Vesce 0 1 1 0 0 6 2 1 2 0 1/2 18:02 0:50 0:00
Seth Helgeson 0 1 1 2 0 1 1 0 0 2 0/0 18:18 0:53 1:02
Taylor Aronson 0 0 0 0 0 0 0 0 0 0 0/0 5:28 0:00 0:00
Players Stats for Knights
Player Name G A P +/- PIM S H SB GA TA FO MP PP MP PK MP
------------------------------------------------------------------------------------
A.J. Jenks 1 0 1 1 0 4 1 1 0 1 0/0 10:00 0:00 0:00
Chris Thorburn 0 1 1 -2 0 1 2 1 2 0 0/0 16:25 0:32 0:00
Cody Bass 1 0 1 1 0 2 1 0 1 0 1/4 10:13 0:07 0:00
James Wright 1 0 1 -1 2 6 3 1 1 0 15/31 19:29 1:06 0:52
Jason Zucker 0 0 0 -2 0 1 3 0 0 0 0/1 15:27 0:31 0:03
Jimmy Hayes 0 0 0 -1 5 4 2 1 3 0 0/2 17:54 0:52 1:19
Joe Colborne 0 0 0 -2 0 2 3 0 1 0 2/9 16:25 0:00 0:26
Kevin Hayes 0 1 1 1 2 2 0 0 0 0 1/1 12:16 0:00 0:00
Linden Vey 0 0 0 1 0 0 0 1 0 0 1/1 10:56 0:41 0:00
Michael Raffl 0 0 0 -1 0 1 2 1 0 1 1/2 20:33 1:06 0:52
Michael Stone 0 2 2 0 0 2 2 0 0 0 0/0 25:10 0:47 0:55
Nikita Nikitin 0 0 0 -1 0 0 1 2 0 2 0/0 22:22 1:18 1:19
Patrick Wiercioch 0 0 0 0 0 1 1 0 0 0 0/0 12:28 0:00 0:00
Ronalds Kenins 1 0 1 1 0 1 1 1 0 0 0/0 12:41 0:28 0:00
Ryan Nugent-Hopkins 0 0 0 1 0 1 0 1 1 0 7/12 15:24 0:52 0:56
Scott Lehman 0 0 0 0 0 0 0 2 0 1 0/0 13:22 0:47 0:00
Tomas Kundratek 0 0 0 -1 0 2 2 1 1 2 0/0 28:38 0:57 1:19
Zach Trotman 0 1 1 0 0 1 1 1 0 0 0/0 18:00 0:21 0:55
3 Stars
1 - Matt D'Agostini (Vic)
2 - Ronalds Kenins (Lon)
3 - A.J. Jenks (Lon)
Power Play
Demolitions - 1 on 2 Attempt(s) - 50,00%
Knights - 1 on 2 Attempt(s) - 50,00%
Penalty Kill
Demolitions - 1 on 2 Attempt(s) - 50,00%
- Score 0 goal in Penalty Kill
Knights - 1 on 2 Attempt(s) - 50,00%
- Score 0 goal in Penalty Kill
Team Stat
Demolitions - Hits : 18 - Faceoff Wins : 35 - Blocked Shots : 17 - Penalty Minutes : 9
Knights - Hits : 25 - Faceoff Wins : 28 - Blocked Shots : 14 - Penalty Minutes : 9
Official
Referees : Kimmerly Greg and Devorski Paul
Linesman : Mark Wheler and Jay Sharrers
Game Notes
Mark Dekanich enters game at 16:08 of 1st period
Jimmy Hayes and Nikolai Zherdev fight to a draw at 16:26 of 2nd period
Finance
Level 1 -- Attendance: 1630 (81,50%) -- Ticket Income 57 050 $
Level 2 -- Attendance: 763 (76,30%) -- Ticket Income 15 260 $
Total Attendance: 2393 (79,77%)
Total Ticket Income: 72 310 $
Other Income: 3 616 $
Total Income: 75 926 $
Demolitions
5 vs 5 Forward
Center Left Wing Right Wing Time % Phy DF OF
1 Darren Helm Bobby Butler Nikolai Zherdev 40 1 2 2
2 Marek Zagrapan Nigel Dawes Ryan Vesce 30 1 2 2
3 Nicolas Blanchard Billy Sweat Matt D'Agostini 20 1 2 2
4 Nikolai Zherdev Alex Hutchings David Laliberté 10 1 2 2
5 vs 5 Defense
Defense Defense Time % Phy DF OF
1 Doug Janik Cameron Schilling 40 1 2 2
2 Seth Helgeson David Rundblad 30 1 2 2
3 Andrew Campbell Robert Bortuzzo 20 1 2 2
4 Taylor Aronson Nick Pryor 10 1 2 2
PowerPlay Forward
Center Left Wing Right Wing Time % Phy DF OF
1 Darren Helm Bobby Butler Nikolai Zherdev 60 1 2 2
2 Marek Zagrapan Nigel Dawes Ryan Vesce 40 1 2 2
PowerPlay Defense
Defense Defense Time % Phy DF OF
1 Doug Janik Cameron Schilling 60 1 2 2
2 Seth Helgeson David Rundblad 40 1 2 2
Penalty Kill 4 Players Forward
Center Wing Time % Phy DF OF
1 Nikolai Zherdev Bobby Butler 60 1 2 2
2 Nigel Dawes Darren Helm 40 1 2 2
Penalty Kill 4 Players Defense
Defense Defense Time % Phy DF OF
1 Doug Janik Cameron Schilling 60 1 2 2
2 Seth Helgeson David Rundblad 40 1 2 2
Penalty Kill - 3 Players Forward
Forward Time % Phy DF OF
1 Nikolai Zherdev 60 1 2 2
2 Bobby Butler 40 1 2 2
Penalty Kill - 3 Players Defense
Defense Defense Time % Phy DF OF
1 Doug Janik Cameron Schilling 60 1 2 2
2 Seth Helgeson David Rundblad 40 1 2 2
4 vs 4 Forward
Center Wing Time % Phy DF OF
1 Nikolai Zherdev Bobby Butler 60 1 2 2
2 Nigel Dawes Darren Helm 40 1 2 2
4 vs 4 Defense
Defense Defense Time % Phy DF OF
1 Doug Janik Cameron Schilling 60 1 2 2
2 Seth Helgeson David Rundblad 40 1 2 2
Last Minutes Offensive
Center Left Wing Right Wing Defense Defense
Darren Helm Bobby Butler Nikolai Zherdev Doug Janik Cameron Schilling
Last Minutes Defensive
Center Left Wing Right Wing Defense Defense
Darren Helm Bobby Butler Nikolai Zherdev Doug Janik Cameron Schilling
Goaltenders
Starting : Brent Krahn
Backup : Joe Cannata
Extra Forwards
Normal : Matt D'Agostini, David Laliberté, Nicolas Blanchard - PP : Matt D'Agostini, David Laliberté - PK : Nicolas Blanchard
Extra Defensemen
Normal : Andrew Campbell, Robert Bortuzzo, Taylor Aronson - PP : Andrew Campbell - PK : Robert Bortuzzo, Taylor Aronson
Penalty Shots
Nikolai Zherdev, Bobby Butler, Nigel Dawes, Darren Helm, Ryan Vesce
Knights
5 vs 5 Forward
Center Left Wing Right Wing Time % Phy DF OF
1 James Wright Michael Raffl Jimmy Hayes 35 1 2 2
2 Joe Colborne Jason Zucker Chris Thorburn 30 1 2 2
3 Ryan Nugent-Hopkins Ronalds Kenins Kevin Hayes 23 1 2 2
4 Cody Bass A.J. Jenks Linden Vey 12 1 2 2
5 vs 5 Defense
Defense Defense Time % Phy DF OF
1 Nikita Nikitin Tomas Kundratek 35 1 3 1
2 Zach Trotman Michael Stone 30 1 3 1
3 Scott Lehman Patrick Wiercioch 20 1 3 1
4 Tomas Kundratek Michael Stone 15 1 2 2
PowerPlay Forward
Center Left Wing Right Wing Time % Phy DF OF
1 James Wright Michael Raffl Chris Thorburn 60 0 0 5
2 Ryan Nugent-Hopkins Jason Zucker Jimmy Hayes 40 0 0 5
PowerPlay Defense
Defense Defense Time % Phy DF OF
1 Nikita Nikitin Tomas Kundratek 60 0 1 4
2 Michael Stone Scott Lehman 40 0 1 4
Penalty Kill 4 Players Forward
Center Wing Time % Phy DF OF
1 James Wright Jimmy Hayes 60 0 5 0
2 Joe Colborne Kevin Hayes 40 0 5 0
Penalty Kill 4 Players Defense
Defense Defense Time % Phy DF OF
1 Nikita Nikitin Tomas Kundratek 60 0 5 0
2 Zach Trotman Michael Stone 40 0 5 0
Penalty Kill - 3 Players Forward
Forward Time % Phy DF OF
1 Chris Thorburn 60 0 5 0
2 James Wright 40 0 5 0
Penalty Kill - 3 Players Defense
Defense Defense Time % Phy DF OF
1 Michael Stone Tomas Kundratek 60 0 5 0
2 Nikita Nikitin Zach Trotman 40 0 5 0
4 vs 4 Forward
Center Wing Time % Phy DF OF
1 James Wright Chris Thorburn 60 1 2 2
2 Ryan Nugent-Hopkins Jason Zucker 40 1 2 2
4 vs 4 Defense
Defense Defense Time % Phy DF OF
1 Nikita Nikitin Tomas Kundratek 60 1 2 2
2 Zach Trotman Michael Stone 40 1 2 2
Last Minutes Offensive
Center Left Wing Right Wing Defense Defense
Ryan Nugent-Hopkins Michael Raffl Chris Thorburn Tomas Kundratek Nikita Nikitin
Last Minutes Defensive
Center Left Wing Right Wing Defense Defense
James Wright Michael Raffl Jimmy Hayes Tomas Kundratek Zach Trotman
Goaltenders
Starting : Jeff Glass
Backup : Mark Dekanich
Extra Forwards
Normal : Joe Colborne, Michael Raffl, James Wright - PP : James Wright, Michael Raffl - PK : James Wright
Extra Defensemen
Normal : Nikita Nikitin, Tomas Kundratek, Zach Trotman - PP : Nikita Nikitin - PK : Nikita Nikitin, Tomas Kundratek
Penalty Shots
Kevin Hayes, Michael Raffl, Chris Thorburn, James Wright, Joe Colborne
% Time on Ice - Demolitions
Lines # - Real PCT - Wanted PCT - Time Play
Normal Forward
1 - 34% - 40% - 18:35
2 - 32% - 30% - 17:12
3 - 23% - 20% - 12:32
4 - 11% - 10% - 6:14
Normal Defense
1 - 40% - 40% - 21:53
2 - 30% - 30% - 16:19
3 - 20% - 20% - 10:53
4 - 10% - 10% - 5:28
PP Forward
1 - 63% - 60% - 1:24
2 - 37% - 40% - 0:50
PP Defense
1 - 60% - 60% - 1:21
2 - 40% - 40% - 0:53
PK Forward
1 - 100% - 60% - 2:05
2 - 0% - 40% - 0:00
PK Defense
1 - 50% - 60% - 1:03
2 - 50% - 40% - 1:02
PK3 Forward
1 - 0% - 60%
2 - 0% - 40%
PK3 Defense
1 - 0% - 60%
2 - 0% - 40%
44 Forward
1 - 0% - 60%
2 - 0% - 40%
44 Defense
1 - 0% - 60%
2 - 0% - 40%
Last Minute Offensive - 0:00
Last Minute Defensive - 1:08
Total
Forward - 60:00
Defense - 60:00
|
% Time on Ice - Knights
Lines # - Real PCT - Wanted PCT - Time Play
Normal Forward
1 - 32% - 35% - 17:32
2 - 27% - 30% - 14:49
3 - 22% - 23% - 12:13
4 - 18% - 12% - 10:00
Normal Defense
1 - 34% - 35% - 18:38
2 - 31% - 30% - 16:51
3 - 23% - 20% - 12:28
4 - 12% - 15% - 6:37
PP Forward
1 - 58% - 60% - 1:13
2 - 42% - 40% - 0:52
PP Defense
1 - 62% - 60% - 1:18
2 - 38% - 40% - 0:47
PK Forward
1 - 81% - 60% - 1:48
2 - 19% - 40% - 0:26
PK Defense
1 - 59% - 60% - 1:19
2 - 41% - 40% - 0:55
PK3 Forward
1 - 0% - 60%
2 - 0% - 40%
PK3 Defense
1 - 0% - 60%
2 - 0% - 40%
44 Forward
1 - 0% - 60%
2 - 0% - 40%
44 Defense
1 - 0% - 60%
2 - 0% - 40%
Last Minute Offensive - 1:07
Last Minute Defensive - 0:00
Total
Forward - 60:00
Defense - 60:00
|
Play by Play
1st period
0:01 of 1st period - Darren Helm wins face-off versus James Wright in neutral zone.
0:40 of 1st period - Nigel Dawes is hit by Joe Colborne and loses puck.
1:37 of 1st period - Wrist shot by Nikolai Zherdev.
1:37 of 1st period - Shot Blocked by Scott Lehman.
1:43 of 1st period - Seth Helgeson is hit by Jimmy Hayes and loses puck.
2:15 of 1st period - Scott Lehman is hit by Matt D'Agostini.
3:13 of 1st period - Bobby Butler is hit by Tomas Kundratek.
3:38 of 1st period - Snap shot by Matt D'Agostini.
3:38 of 1st period - Shot Misses the Net.
5:08 of 1st period - Slapshot by Jason Zucker.
5:08 of 1st period - Stopped by Brent Krahn without a rebound.
5:09 of 1st period - Marek Zagrapan wins face-off versus Jimmy Hayes in Demolitions zone.
5:14 of 1st period - Jimmy Hayes is hit by Ryan Vesce.
5:25 of 1st period - Off-side.
5:26 of 1st period - Darren Helm wins face-off versus Joe Colborne in neutral zone.
5:29 of 1st period - Scott Lehman is hit by Bobby Butler.
5:35 of 1st period - Snap shot by Jason Zucker.
5:35 of 1st period - Shot Blocked by Darren Helm.
5:53 of 1st period - Cameron Schilling is hit by Patrick Wiercioch and loses puck.
6:36 of 1st period - Snap shot by Nikolai Zherdev.
6:36 of 1st period - Shot Blocked by Nikita Nikitin.
6:40 of 1st period - Wrist shot by Nikolai Zherdev.
6:40 of 1st period - Shot Misses the Net.
6:42 of 1st period - Wrist shot by Nikolai Zherdev.
6:42 of 1st period - Shot Misses the Net.
7:09 of 1st period - Off-side.
7:10 of 1st period - Nicolas Blanchard wins face-off versus James Wright in neutral zone.
7:44 of 1st period - Snap shot by Joe Colborne.
7:44 of 1st period - Stopped by Brent Krahn without a rebound.
7:45 of 1st period - James Wright wins face-off versus Darren Helm in Demolitions zone.
7:46 of 1st period - Wrist shot by Jimmy Hayes.
7:46 of 1st period - Shot Blocked by David Rundblad.
8:10 of 1st period - Nikita Nikitin is hit by Marek Zagrapan and loses puck.
8:58 of 1st period - Wrist shot by Billy Sweat.
8:58 of 1st period - Shot Misses the Net.
9:00 of 1st period - Wrist shot by Andrew Campbell.
9:00 of 1st period - Stopped by Jeff Glass without a rebound.
9:01 of 1st period - Darren Helm wins face-off versus James Wright in Knights zone.
9:04 of 1st period - Wrist shot by Nikolai Zherdev.
9:04 of 1st period - Goal by Nikolai Zherdev - Demolitions : 1 - Knights : 0.
9:05 of 1st period - Michael Raffl wins face-off versus Darren Helm in neutral zone.
11:12 of 1st period - Wrist shot by Chris Thorburn.
11:12 of 1st period - Shot Blocked by Nick Pryor.
11:44 of 1st period - Wrist shot by Michael Raffl.
11:44 of 1st period - Stopped by Brent Krahn with a rebound.
11:46 of 1st period - Slapshot by Scott Lehman.
11:46 of 1st period - Shot Misses the Net.
11:48 of 1st period - Backhand shot by Patrick Wiercioch.
11:48 of 1st period - Stopped by Brent Krahn without a rebound.
11:49 of 1st period - Kevin Hayes wins face-off versus Marek Zagrapan in Demolitions zone.
12:00 of 1st period - Snap shot by Kevin Hayes.
12:00 of 1st period - Shot Blocked by Marek Zagrapan.
12:14 of 1st period - David Rundblad is hit by James Wright and loses puck.
12:21 of 1st period - Wrist shot by Nikolai Zherdev.
12:21 of 1st period - Stopped by Jeff Glass without a rebound.
12:22 of 1st period - Nicolas Blanchard wins face-off versus Jimmy Hayes in Knights zone.
12:23 of 1st period - Snap shot by Matt D'Agostini.
12:23 of 1st period - Shot Misses the Net.
12:37 of 1st period - Wrist shot by Billy Sweat.
12:37 of 1st period - Shot Misses the Net.
12:43 of 1st period - Minor Penalty to James Wright for Slashing.
12:44 of 1st period - Ryan Nugent-Hopkins wins face-off versus Darren Helm in Knights zone.
12:44 of 1st period - Ryan Nugent-Hopkins is hit by Darren Helm.
12:58 of 1st period - Wrist shot by Nikolai Zherdev.
12:58 of 1st period - Goal by Nikolai Zherdev - Demolitions : 2 - Knights : 0.
12:59 of 1st period - Darren Helm wins face-off versus James Wright in neutral zone.
13:02 of 1st period - Slapshot by Nikolai Zherdev.
13:02 of 1st period - Stopped by Jeff Glass without a rebound.
13:03 of 1st period - James Wright wins face-off versus Darren Helm in Knights zone.
13:27 of 1st period - Icing by Darren Helm.
13:28 of 1st period - Marek Zagrapan wins face-off versus Joe Colborne in Demolitions zone.
13:28 of 1st period - Marek Zagrapan is hit by Joe Colborne.
13:45 of 1st period - Off-side.
13:46 of 1st period - Darren Helm wins face-off versus James Wright in neutral zone.
13:49 of 1st period - Tomas Kundratek is hit by Nikolai Zherdev and loses puck.
14:02 of 1st period - Snap shot by Jimmy Hayes.
14:02 of 1st period - Stopped by Brent Krahn without a rebound.
14:03 of 1st period - Ryan Nugent-Hopkins wins face-off versus Ryan Vesce in Demolitions zone.
14:55 of 1st period - Wrist shot by Jimmy Hayes.
14:55 of 1st period - Shot Misses the Net.
14:57 of 1st period - Wrist shot by James Wright.
14:57 of 1st period - Stopped by Brent Krahn with a rebound.
14:59 of 1st period - Snap shot by James Wright.
14:59 of 1st period - Stopped by Brent Krahn with a rebound.
15:01 of 1st period - Slapshot by Tomas Kundratek.
15:01 of 1st period - Stopped by Brent Krahn without a rebound.
15:02 of 1st period - Ryan Nugent-Hopkins wins face-off versus Darren Helm in Demolitions zone.
15:03 of 1st period - Snap shot by Kevin Hayes.
15:03 of 1st period - Stopped by Brent Krahn without a rebound.
15:04 of 1st period - Bobby Butler wins face-off versus Ryan Nugent-Hopkins in Demolitions zone.
15:15 of 1st period - Snap shot by Nikolai Zherdev.
15:15 of 1st period - Stopped by Jeff Glass with a rebound.
15:37 of 1st period - Snap shot by Ryan Vesce.
15:37 of 1st period - Deflect By Nigel Dawes.
15:37 of 1st period - Stopped by Jeff Glass with a rebound.
16:08 of 1st period - Wrist shot by Matt D'Agostini.
16:08 of 1st period - Goal by Matt D'Agostini - Demolitions : 3 - Knights : 0.
16:08 of 1st period - Mark Dekanich enters game.
16:09 of 1st period - Darren Helm wins face-off versus James Wright in neutral zone.
16:24 of 1st period - Wrist shot by Bobby Butler.
16:24 of 1st period - Shot Blocked by James Wright.
16:58 of 1st period - Michael Stone is hit by David Laliberté.
17:06 of 1st period - Taylor Aronson is hit by Jason Zucker and loses puck.
17:25 of 1st period - Kevin Hayes is hit by Matt D'Agostini and loses puck.
17:40 of 1st period - Slapshot by Nigel Dawes.
17:40 of 1st period - Shot Misses the Net.
17:42 of 1st period - Snap shot by Ryan Vesce.
17:42 of 1st period - Stopped by Mark Dekanich without a rebound.
17:43 of 1st period - Marek Zagrapan wins face-off versus James Wright in Knights zone.
17:44 of 1st period - Slapshot by Ryan Vesce.
17:44 of 1st period - Shot Misses the Net.
17:46 of 1st period - Wrist shot by Ryan Vesce.
17:46 of 1st period - Shot Blocked by Jimmy Hayes.
17:48 of 1st period - Wrist shot by Cameron Schilling.
17:48 of 1st period - Stopped by Mark Dekanich with a rebound.
17:50 of 1st period - Slapshot by Cameron Schilling.
17:50 of 1st period - Shot Misses the Net.
17:52 of 1st period - Slapshot by Cameron Schilling.
17:52 of 1st period - Stopped by Mark Dekanich with a rebound.
17:54 of 1st period - Wrist shot by Marek Zagrapan.
17:54 of 1st period - Shot Blocked by Michael Raffl.
17:58 of 1st period - Slapshot by Ryan Vesce.
17:58 of 1st period - Stopped by Mark Dekanich with a rebound.
18:41 of 1st period - Wrist shot by Ronalds Kenins.
18:41 of 1st period - Shot Misses the Net.
18:55 of 1st period - Snap shot by Ryan Vesce.
18:55 of 1st period - Stopped by Mark Dekanich without a rebound.
18:56 of 1st period - Marek Zagrapan wins face-off versus James Wright in Knights zone.
19:58 of 1st period - Slapshot by Nikolai Zherdev.
19:58 of 1st period - Shot Blocked by Ryan Nugent-Hopkins.
Goals for this period are 3 for Demolitions vs 0 for Knights.
Shots for this period are 13 for Demolitions vs 9 for Knights.
2nd period
0:01 of 2nd period - James Wright wins face-off versus Darren Helm in neutral zone.
0:03 of 2nd period - Michael Raffl is hit by Nikolai Zherdev and loses puck.
0:14 of 2nd period - Darren Helm is hit by Jimmy Hayes and loses puck.
0:39 of 2nd period - Doug Janik is hit by Jason Zucker and loses puck.
0:57 of 2nd period - Snap shot by Ronalds Kenins.
0:57 of 2nd period - Shot Blocked by Nicolas Blanchard.
1:13 of 2nd period - Wrist shot by A.J. Jenks.
1:13 of 2nd period - Goal by A.J. Jenks - Demolitions : 3 - Knights : 1.
1:14 of 2nd period - James Wright wins face-off versus Nikolai Zherdev in neutral zone.
2:04 of 2nd period - Wrist shot by Matt D'Agostini.
2:04 of 2nd period - Shot Misses the Net.
2:06 of 2nd period - Wrist shot by Billy Sweat.
2:06 of 2nd period - Shot Blocked by Zach Trotman.
2:08 of 2nd period - Wrist shot by David Rundblad.
2:08 of 2nd period - Stopped by Mark Dekanich with a rebound.
2:18 of 2nd period - Cameron Schilling is hit by A.J. Jenks and loses puck.
2:37 of 2nd period - Backhand shot by Jimmy Hayes.
2:37 of 2nd period - Shot Misses the Net.
2:39 of 2nd period - Wrist shot by Zach Trotman.
2:39 of 2nd period - Shot Blocked by Ryan Vesce.
2:41 of 2nd period - Slapshot by Michael Stone.
2:41 of 2nd period - Stopped by Brent Krahn without a rebound.
2:42 of 2nd period - James Wright wins face-off versus Darren Helm in Demolitions zone.
2:53 of 2nd period - Wrist shot by Jimmy Hayes.
2:53 of 2nd period - Deflect By Michael Raffl.
2:53 of 2nd period - Shot Blocked by Doug Janik.
2:53 of 2nd period - Puck is out of play.
2:54 of 2nd period - James Wright wins face-off versus Darren Helm in Demolitions zone.
3:01 of 2nd period - Slapshot by Cameron Schilling.
3:01 of 2nd period - Shot Blocked by Nikita Nikitin.
3:03 of 2nd period - Wrist shot by Nikolai Zherdev.
3:03 of 2nd period - Stopped by Mark Dekanich with a rebound.
3:42 of 2nd period - Billy Sweat is hit by Chris Thorburn and loses puck.
4:03 of 2nd period - Slapshot by Zach Trotman.
4:03 of 2nd period - Shot Blocked by Robert Bortuzzo.
4:05 of 2nd period - Slapshot by A.J. Jenks.
4:05 of 2nd period - Stopped by Brent Krahn with a rebound.
4:07 of 2nd period - Slapshot by Michael Stone.
4:07 of 2nd period - Stopped by Brent Krahn with a rebound.
4:09 of 2nd period - Slapshot by Zach Trotman.
4:09 of 2nd period - Stopped by Brent Krahn with a rebound.
4:18 of 2nd period - Off-side.
4:19 of 2nd period - Marek Zagrapan wins face-off versus James Wright in neutral zone.
4:46 of 2nd period - Tomas Kundratek is hit by Seth Helgeson and loses puck.
5:07 of 2nd period - Wrist shot by Cameron Schilling.
5:07 of 2nd period - Stopped by Mark Dekanich with a rebound.
5:09 of 2nd period - Slapshot by Doug Janik.
5:09 of 2nd period - Shot Misses the Net.
5:11 of 2nd period - Snap shot by Matt D'Agostini.
5:11 of 2nd period - Shot Misses the Net.
5:23 of 2nd period - Cody Bass is hit by Ryan Vesce.
5:51 of 2nd period - Wrist shot by Jimmy Hayes.
5:51 of 2nd period - Shot Blocked by Andrew Campbell.
5:53 of 2nd period - Wrist shot by Jimmy Hayes.
5:53 of 2nd period - Shot Hit the Post.
5:55 of 2nd period - Snap shot by Jimmy Hayes.
5:55 of 2nd period - Shot Misses the Net.
5:57 of 2nd period - Slapshot by Nikita Nikitin.
5:57 of 2nd period - Shot Blocked by Bobby Butler.
5:59 of 2nd period - Wrist shot by James Wright.
5:59 of 2nd period - Shot Blocked by Andrew Campbell.
7:06 of 2nd period - Icing by Nikolai Zherdev.
7:07 of 2nd period - James Wright wins face-off versus Nikolai Zherdev in Demolitions zone.
7:12 of 2nd period - Snap shot by James Wright.
7:12 of 2nd period - Shot Misses the Net.
7:14 of 2nd period - Snap shot by Jimmy Hayes.
7:14 of 2nd period - Stopped by Brent Krahn with a rebound.
7:16 of 2nd period - Snap shot by James Wright.
7:16 of 2nd period - Shot Blocked by Nikolai Zherdev.
7:18 of 2nd period - Snap shot by James Wright.
7:18 of 2nd period - Stopped by Brent Krahn with a rebound.
7:20 of 2nd period - Snap shot by James Wright.
7:20 of 2nd period - Shot Misses the Net.
7:22 of 2nd period - Slapshot by Michael Stone.
7:22 of 2nd period - Shot Blocked by Darren Helm.
7:40 of 2nd period - Wrist shot by Marek Zagrapan.
7:40 of 2nd period - Goal by Marek Zagrapan - Demolitions : 4 - Knights : 1.
7:41 of 2nd period - Marek Zagrapan wins face-off versus James Wright in neutral zone.
7:46 of 2nd period - Doug Janik is hit by Michael Raffl.
7:50 of 2nd period - Snap shot by James Wright.
7:50 of 2nd period - Stopped by Brent Krahn without a rebound.
7:51 of 2nd period - James Wright wins face-off versus Marek Zagrapan in Demolitions zone.
8:08 of 2nd period - Nigel Dawes is hit by James Wright and loses puck.
8:15 of 2nd period - Wrist shot by James Wright.
8:15 of 2nd period - Stopped by Brent Krahn with a rebound.
8:37 of 2nd period - Icing by Cameron Schilling.
8:38 of 2nd period - Marek Zagrapan wins face-off versus Joe Colborne in Demolitions zone.
8:38 of 2nd period - Marek Zagrapan is hit by Joe Colborne.
9:36 of 2nd period - Wrist shot by Matt D'Agostini.
9:36 of 2nd period - Stopped by Mark Dekanich with a rebound.
9:38 of 2nd period - Slapshot by Seth Helgeson.
9:38 of 2nd period - Deflect By Matt D'Agostini.
9:38 of 2nd period - Goal by Matt D'Agostini - Demolitions : 5 - Knights : 1.
9:39 of 2nd period - Darren Helm wins face-off versus Jason Zucker in neutral zone.
9:46 of 2nd period - Snap shot by Nikolai Zherdev.
9:46 of 2nd period - Stopped by Mark Dekanich without a rebound.
9:47 of 2nd period - Darren Helm wins face-off versus Joe Colborne in Knights zone.
10:44 of 2nd period - Snap shot by Nikolai Zherdev.
10:44 of 2nd period - Shot Misses the Net.
10:59 of 2nd period - Minor Penalty to Nikolai Zherdev for Tripping.
11:00 of 2nd period - Nicolas Blanchard wins face-off versus Michael Raffl in Demolitions zone.
11:12 of 2nd period - David Rundblad is hit by Nikita Nikitin and loses puck.
12:48 of 2nd period - Doug Janik is hit by Michael Stone.
12:59 of 2nd period - Penalty to Nikolai Zherdev is over, Nikolai Zherdev is back on ice.
13:05 of 2nd period - Icing by Marek Zagrapan.
13:06 of 2nd period - Nicolas Blanchard wins face-off versus Cody Bass in Demolitions zone.
13:15 of 2nd period - Snap shot by Nicolas Blanchard.
13:15 of 2nd period - Deflect By Matt D'Agostini.
13:15 of 2nd period - Shot Blocked by A.J. Jenks.
13:15 of 2nd period - Puck is out of play.
13:16 of 2nd period - Darren Helm wins face-off versus Cody Bass in Knights zone.
14:03 of 2nd period - Slapshot by Tomas Kundratek.
14:03 of 2nd period - Shot Blocked by Matt D'Agostini.
14:44 of 2nd period - Slapshot by Michael Raffl.
14:44 of 2nd period - Shot Misses the Net.
14:48 of 2nd period - Wrist shot by Jimmy Hayes.
14:48 of 2nd period - Shot Misses the Net.
14:54 of 2nd period - Snap shot by Jimmy Hayes.
14:54 of 2nd period - Stopped by Brent Krahn without a rebound.
14:55 of 2nd period - Marek Zagrapan wins face-off versus Ryan Nugent-Hopkins in Demolitions zone.
15:00 of 2nd period - Slapshot by David Rundblad.
15:00 of 2nd period - Stopped by Mark Dekanich with a rebound.
15:10 of 2nd period - Snap shot by Nigel Dawes.
15:10 of 2nd period - Stopped by Mark Dekanich with a rebound.
15:41 of 2nd period - Snap shot by A.J. Jenks.
15:41 of 2nd period - Stopped by Brent Krahn without a rebound.
15:42 of 2nd period - Nikolai Zherdev wins face-off versus Cody Bass in Demolitions zone.
15:42 of 2nd period - Nikolai Zherdev is hit by Cody Bass.
16:20 of 2nd period - Snap shot by Cody Bass.
16:20 of 2nd period - Deflect By Billy Sweat.
16:20 of 2nd period - Shot Misses the Net.
16:20 of 2nd period - Puck is out of play.
16:21 of 2nd period - Darren Helm wins face-off versus James Wright in Demolitions zone.
16:21 of 2nd period - Darren Helm is hit by James Wright.
16:26 of 2nd period - Jimmy Hayes and Nikolai Zherdev fight to a draw.
16:26 of 2nd period - Penalty to Jimmy Hayes for Fighting.
16:26 of 2nd period - Penalty to Nikolai Zherdev for Fighting.
16:27 of 2nd period - James Wright wins face-off versus Darren Helm in Demolitions zone.
17:06 of 2nd period - Snap shot by Joe Colborne.
17:06 of 2nd period - Stopped by Brent Krahn with a rebound.
17:34 of 2nd period - Wrist shot by Tomas Kundratek.
17:34 of 2nd period - Stopped by Brent Krahn with a rebound.
17:53 of 2nd period - Off-side.
17:54 of 2nd period - Ryan Nugent-Hopkins wins face-off versus Darren Helm in neutral zone.
18:27 of 2nd period - Backhand shot by David Laliberté.
18:27 of 2nd period - Shot Misses the Net.
18:29 of 2nd period - Wrist shot by David Laliberté.
18:29 of 2nd period - Shot Blocked by Linden Vey.
18:39 of 2nd period - Kevin Hayes is hit by Darren Helm and loses puck.
19:39 of 2nd period - Icing by David Rundblad.
19:40 of 2nd period - Linden Vey wins face-off versus Darren Helm in Demolitions zone.
19:41 of 2nd period - Slapshot by Chris Thorburn.
19:41 of 2nd period - Shot Misses the Net.
19:59 of 2nd period - Slapshot by Kevin Hayes.
19:59 of 2nd period - Stopped by Brent Krahn without a rebound.
Goals for this period are 2 for Demolitions vs 1 for Knights.
Shots for this period are 9 for Demolitions vs 14 for Knights.
3rd period
0:01 of 3rd period - James Wright wins face-off versus Darren Helm in neutral zone.
1:42 of 3rd period - Wrist shot by Cody Bass.
1:42 of 3rd period - Goal by Cody Bass - Demolitions : 5 - Knights : 2.
1:43 of 3rd period - Darren Helm wins face-off versus Joe Colborne in neutral zone.
1:56 of 3rd period - Slapshot by Nikolai Zherdev.
1:56 of 3rd period - Stopped by Mark Dekanich without a rebound.
1:57 of 3rd period - Darren Helm wins face-off versus James Wright in Knights zone.
2:22 of 3rd period - Cameron Schilling is hit by Ronalds Kenins and loses puck.
2:27 of 3rd period - Wrist shot by Ronalds Kenins.
2:27 of 3rd period - Goal by Ronalds Kenins - Demolitions : 5 - Knights : 3.
2:28 of 3rd period - Darren Helm wins face-off versus Joe Colborne in neutral zone.
2:34 of 3rd period - Off-side.
2:35 of 3rd period - Joe Colborne wins face-off versus Darren Helm in neutral zone.
2:38 of 3rd period - Snap shot by Chris Thorburn.
2:38 of 3rd period - Deflect By Joe Colborne.
2:38 of 3rd period - Shot Misses the Net.
2:38 of 3rd period - Puck is out of play.
2:39 of 3rd period - Darren Helm wins face-off versus James Wright in Demolitions zone.
2:52 of 3rd period - Wrist shot by Nikolai Zherdev.
2:52 of 3rd period - Shot Misses the Net.
2:54 of 3rd period - Snap shot by Darren Helm.
2:54 of 3rd period - Stopped by Mark Dekanich with a rebound.
3:27 of 3rd period - Snap shot by Matt D'Agostini.
3:27 of 3rd period - Shot Misses the Net.
3:37 of 3rd period - Minor Penalty to Kevin Hayes for Slashing.
3:38 of 3rd period - James Wright wins face-off versus Darren Helm in Knights zone.
4:27 of 3rd period - Bobby Butler is hit by Michael Raffl and loses puck.
5:37 of 3rd period - Penalty to Kevin Hayes is over, Kevin Hayes is back on ice.
6:46 of 3rd period - Slapshot by Cody Bass.
6:46 of 3rd period - Stopped by Brent Krahn without a rebound.
6:47 of 3rd period - Cody Bass wins face-off versus Marek Zagrapan in Demolitions zone.
6:56 of 3rd period - Wrist shot by A.J. Jenks.
6:56 of 3rd period - Deflect By Marek Zagrapan.
6:56 of 3rd period - Stopped by Brent Krahn without a rebound.
6:57 of 3rd period - James Wright wins face-off versus Marek Zagrapan in Demolitions zone.
8:00 of 3rd period - Linden Vey is hit by Nicolas Blanchard and loses puck.
8:18 of 3rd period - Tomas Kundratek is hit by David Laliberté and loses puck.
8:35 of 3rd period - Snap shot by Ryan Vesce.
8:35 of 3rd period - Stopped by Mark Dekanich with a rebound.
8:58 of 3rd period - Snap shot by James Wright.
8:58 of 3rd period - Shot Misses the Net.
9:51 of 3rd period - Off-side.
9:52 of 3rd period - Ryan Vesce wins face-off versus James Wright in neutral zone.
10:08 of 3rd period - Off-side.
10:09 of 3rd period - Joe Colborne wins face-off versus Nicolas Blanchard in neutral zone.
10:20 of 3rd period - Snap shot by Joe Colborne.
10:20 of 3rd period - Shot Misses the Net.
10:22 of 3rd period - Backhand shot by Chris Thorburn.
10:22 of 3rd period - Shot Misses the Net.
10:24 of 3rd period - Wrist shot by Scott Lehman.
10:24 of 3rd period - Shot Blocked by Doug Janik.
11:19 of 3rd period - Minor Penalty to Robert Bortuzzo for Cross-checking.
11:20 of 3rd period - James Wright wins face-off versus Nikolai Zherdev in Demolitions zone.
11:25 of 3rd period - Snap shot by James Wright.
11:25 of 3rd period - Goal by James Wright - Demolitions : 5 - Knights : 4.
11:26 of 3rd period - Darren Helm wins face-off versus James Wright in neutral zone.
11:41 of 3rd period - Snap shot by Nikolai Zherdev.
11:41 of 3rd period - Shot Misses the Net.
13:01 of 3rd period - Wrist shot by David Laliberté.
13:01 of 3rd period - Stopped by Mark Dekanich without a rebound.
13:02 of 3rd period - Marek Zagrapan wins face-off versus Joe Colborne in Knights zone.
13:09 of 3rd period - Snap shot by Ryan Vesce.
13:09 of 3rd period - Shot Blocked by Chris Thorburn.
13:11 of 3rd period - Snap shot by Marek Zagrapan.
13:11 of 3rd period - Shot Misses the Net.
13:13 of 3rd period - Slapshot by Doug Janik.
13:13 of 3rd period - Stopped by Mark Dekanich with a rebound.
13:15 of 3rd period - Slapshot by Marek Zagrapan.
13:15 of 3rd period - Shot Misses the Net.
13:17 of 3rd period - Snap shot by Ryan Vesce.
13:17 of 3rd period - Shot Hit the Post.
13:27 of 3rd period - Matt D'Agostini is hit by Zach Trotman and loses puck.
13:45 of 3rd period - Off-side.
13:46 of 3rd period - Darren Helm wins face-off versus Ryan Nugent-Hopkins in neutral zone.
14:11 of 3rd period - Marek Zagrapan is hit by Tomas Kundratek and loses puck.
14:36 of 3rd period - Jason Zucker is hit by Robert Bortuzzo and loses puck.
14:53 of 3rd period - Wrist shot by Nikolai Zherdev.
14:53 of 3rd period - Shot Misses the Net.
14:55 of 3rd period - Slapshot by Andrew Campbell.
14:55 of 3rd period - Shot Blocked by Ronalds Kenins.
15:15 of 3rd period - Wrist shot by A.J. Jenks.
15:15 of 3rd period - Shot Misses the Net.
15:17 of 3rd period - Wrist shot by Zach Trotman.
15:17 of 3rd period - Shot Blocked by Nigel Dawes.
15:46 of 3rd period - Off-side.
15:47 of 3rd period - Ryan Nugent-Hopkins wins face-off versus Nicolas Blanchard in neutral zone.
16:15 of 3rd period - Wrist shot by Nicolas Blanchard.
16:15 of 3rd period - Deflect By Billy Sweat.
16:15 of 3rd period - Shot Blocked by Scott Lehman.
16:15 of 3rd period - Puck is out of play.
16:16 of 3rd period - Darren Helm wins face-off versus James Wright in Knights zone.
16:17 of 3rd period - Wrist shot by Nikolai Zherdev.
16:17 of 3rd period - Stopped by Mark Dekanich with a rebound.
16:41 of 3rd period - Nigel Dawes is hit by Michael Stone and loses puck.
16:48 of 3rd period - Snap shot by David Rundblad.
16:48 of 3rd period - Stopped by Mark Dekanich without a rebound.
16:49 of 3rd period - Darren Helm wins face-off versus Ryan Nugent-Hopkins in Knights zone.
16:50 of 3rd period - Snap shot by Nikolai Zherdev.
16:50 of 3rd period - Stopped by Mark Dekanich with a rebound.
16:56 of 3rd period - Ryan Nugent-Hopkins is hit by Nikolai Zherdev and loses puck.
17:21 of 3rd period - Slapshot by James Wright.
17:21 of 3rd period - Shot Blocked by Nigel Dawes.
17:23 of 3rd period - Snap shot by Jimmy Hayes.
17:23 of 3rd period - Stopped by Brent Krahn without a rebound.
17:24 of 3rd period - James Wright wins face-off versus Marek Zagrapan in Demolitions zone.
17:49 of 3rd period - Bobby Butler is hit by Jason Zucker and loses puck.
17:56 of 3rd period - Backhand shot by Joe Colborne.
17:56 of 3rd period - Deflect By Chris Thorburn.
17:56 of 3rd period - Stopped by Brent Krahn without a rebound.
17:57 of 3rd period - Ryan Nugent-Hopkins wins face-off versus Darren Helm in Demolitions zone.
18:10 of 3rd period - Snap shot by Darren Helm.
18:10 of 3rd period - Shot Misses the Net.
18:12 of 3rd period - Slapshot by Seth Helgeson.
18:12 of 3rd period - Stopped by Mark Dekanich without a rebound.
18:13 of 3rd period - James Wright wins face-off versus Marek Zagrapan in Knights zone.
18:13 of 3rd period - James Wright is hit by Marek Zagrapan.
18:23 of 3rd period - Wrist shot by Ryan Vesce.
18:23 of 3rd period - Stopped by Mark Dekanich with a rebound.
18:25 of 3rd period - Slapshot by Cameron Schilling.
18:25 of 3rd period - Stopped by Mark Dekanich with a rebound.
18:29 of 3rd period - Snap shot by Ryan Vesce.
18:29 of 3rd period - Stopped by Mark Dekanich with a rebound.
18:55 of 3rd period - Icing by Nikita Nikitin.
18:56 of 3rd period - Darren Helm wins face-off versus Ryan Nugent-Hopkins in Knights zone.
18:59 of 3rd period - Snap shot by Darren Helm.
18:59 of 3rd period - Shot Misses the Net.
19:01 of 3rd period - Snap shot by Bobby Butler.
19:01 of 3rd period - Stopped by Mark Dekanich with a rebound.
19:03 of 3rd period - Snap shot by Darren Helm.
19:03 of 3rd period - Shot Blocked by Tomas Kundratek.
19:05 of 3rd period - Snap shot by Bobby Butler.
19:05 of 3rd period - Shot Misses the Net.
19:07 of 3rd period - Wrist shot by Bobby Butler.
19:07 of 3rd period - Stopped by Mark Dekanich with a rebound.
19:09 of 3rd period - Snap shot by Nikolai Zherdev.
19:09 of 3rd period - Stopped by Mark Dekanich with a rebound.
19:11 of 3rd period - Snap shot by Bobby Butler.
19:11 of 3rd period - Deflect By Ryan Nugent-Hopkins.
19:11 of 3rd period - Stopped by Mark Dekanich with a rebound.
19:13 of 3rd period - Wrist shot by Darren Helm.
19:13 of 3rd period - Stopped by Mark Dekanich without a rebound.
19:14 of 3rd period - Gerard Gallant call a timeout for Knights.
19:14 of 3rd period - Ryan Nugent-Hopkins wins face-off versus Darren Helm in Knights zone.
19:14 of 3rd period - Ryan Nugent-Hopkins is hit by Nikolai Zherdev.
19:31 of 3rd period - Doug Janik is hit by Chris Thorburn and loses puck.
19:34 of 3rd period - Knights, Mark Dekanich is pulled from the net.
19:46 of 3rd period - Backhand shot by Ryan Nugent-Hopkins.
19:46 of 3rd period - Stopped by Brent Krahn with a rebound.
19:58 of 3rd period - Backhand shot by Doug Janik.
19:58 of 3rd period - Shot Misses the Net.
Goals for this period are 0 for Demolitions vs 3 for Knights.
Shots for this period are 17 for Demolitions vs 8 for Knights.
Back to the Top